SOL
BIRMINGHAM BARONS @ SAVANNAH INDIANS
06/03/1982
 
TOP OF THE 1ST
Birmingham Barons batting - Pitching for Savannah Indians : RHP Jose Guzman
Pitching: RHP Jose Guzman
Batting: RHB Robin Townley 0-0: Ball
1-0: Swinging Strike
1-1: Ball
2-1: Ball
3-1: Swinging Strike
3-2: Strikes out swinging
Batting: LHB Herm Winningham 0-0: Called Strike
0-1: SINGLE (Groundball, 4M, EV 103.8 MPH) (infield hit)
Batting: RHB Tim Hulett 0-0: Foul Ball, location: 2F
0-1: Ground out 6-3 (Groundball, 56D, EV 99.4 MPH)
Herm Winningham to second
Batting: LHB Vernon Ramie 0-0: Ball
1-0: Ball
2-0: Ball
3-0: Base on Balls
Batting: RHB Jordan Arredondo 0-0: Fielders Choice at 2nd, 6-4 (Groundball, 6, EV 88.8 MPH)
Top of the 1st over - 0 runs, 1 hit, 0 errors, 2 left on base; Birmingham 0 - Savannah 0
BOTTOM OF THE 1ST
Savannah Indians batting - Pitching for Birmingham Barons : RHP Buddy Maher
Pitching: RHP Buddy Maher
Batting: RHB Angel Salazar 0-0: Called Strike
0-1: SINGLE (Groundball, 6MS, EV 65.6 MPH) (infield hit)
Batting: LHB Felix Agapay 0-0: Ball
1-0: Ball
2-0: Ball
3-0: Base on Balls
Angel Salazar to second
Batting: RHB Jim Paciorek 0-0: Ball
1-0: Ball
2-0: Swinging Strike
2-1: Fly out, F8 (Flyball, 8RM, EV 89.4 MPH)
Runner from 2nd tags up, SAFE at 3rd with throw by CF
Batting: RHB Wade Rowdon 0-0: Ball
Felix Agapay steals 2nd base
1-0: Called Strike
1-1: Foul Ball, location: 2F
1-2: Foul Ball, location: 2F
1-2: Strikes out swinging
Batting: RHB Ramiro Gutierrez 0-0: Foul Ball, location: 2F
0-1: Fly out, F9 (Flyball, 89S, EV 85.0 MPH)
Bottom of the 1st over - 0 runs, 1 hit, 0 errors, 2 left on base; Birmingham 0 - Savannah 0
TOP OF THE 2ND
Birmingham Barons batting - Pitching for Savannah Indians : RHP Jose Guzman
Batting: LHB Joe Szekely 0-0: Foul Ball, location: 2F
0-1: Ball
1-1: Swinging Strike
1-2: Ball
2-2: Foul Ball, location: 2F
2-2: Ground out 4-3 (Groundball, 4, EV 88.8 MPH)
Batting: RHB Bob Bathe 0-0: Ball
1-0: Swinging Strike
1-1: Ground out 6-3 (Groundball, 6, EV 80.0 MPH)
Batting: SHB Giampietro Pasquetto 0-0: Ball
1-0: Foul Ball, location: 2F
1-1: Called Strike
1-2: Strikes out looking
Top of the 2nd over - 0 runs, 0 hits, 0 errors, 0 left on base; Birmingham 0 - Savannah 0
BOTTOM OF THE 2ND
Savannah Indians batting - Pitching for Birmingham Barons : RHP Buddy Maher
Batting: LHB Roberto Hernandez 0-0: Fly out, F8 (Flyball, 8LXD, EV 95.0 MPH)
Batting: RHB Eddie Vargas 0-0: Ball
1-0: Foul Ball, location: 2F
1-1: Ball
2-1: Ground out U3 (Groundball, 3, EV 79.4 MPH)
Batting: RHB Mario Diaz 0-0: SINGLE (Groundball, 5S, EV 72.5 MPH) (infield hit)
Batting: RHB Dan Plante 0-0: Foul Ball, location: 2F
0-1: Ball
1-1: Called Strike
Mario Diaz steals 2nd base
1-2: Ball
2-2: Strikes out swinging
Bottom of the 2nd over - 0 runs, 1 hit, 0 errors, 1 left on base; Birmingham 0 - Savannah 0
TOP OF THE 3RD
Birmingham Barons batting - Pitching for Savannah Indians : RHP Jose Guzman
Batting: RHB Thomas Echstenkamper 0-0: Swinging Strike
0-1: Ball
1-1: Swinging Strike
1-2: Ball
2-2: Foul Ball, location: 2F
2-2: Strikes out swinging
Batting: RHB Robin Townley 0-0: Called Strike
0-1: Called Strike
0-2: Ball
1-2: Ball
2-2: Ball
3-2: Strikes out looking
Batting: LHB Herm Winningham 0-0: Ball
1-0: Ball
2-0: Foul Ball, location: 2F
2-1: Foul Ball, location: 2F
2-2: Fly out, F5 (Popup, 5F, EV 69.4 MPH)
Top of the 3rd over - 0 runs, 0 hits, 0 errors, 0 left on base; Birmingham 0 - Savannah 0
BOTTOM OF THE 3RD
Savannah Indians batting - Pitching for Birmingham Barons : RHP Buddy Maher
Batting: RHB Angel Salazar 0-0: Ball
1-0: Ball
2-0: Ground out 5-3 (Groundball, 56, EV 84.4 MPH)
Batting: LHB Felix Agapay 0-0: Ball
1-0: Ball
2-0: Fly out, F4 (Popup, 4M, EV 56.3 MPH)
Batting: RHB Jim Paciorek 0-0: Ground out 5-3 (Groundball, 25, EV 86.9 MPH)
Bottom of the 3rd over - 0 runs, 0 hits, 0 errors, 0 left on base; Birmingham 0 - Savannah 0
TOP OF THE 4TH
Birmingham Barons batting - Pitching for Savannah Indians : RHP Jose Guzman
Batting: RHB Tim Hulett 0-0: Ball
1-0: Ball
2-0: Called Strike
2-1: Ground out U3 (Groundball, 3, EV 80.6 MPH)
Batting: LHB Vernon Ramie 0-0: Called Strike
0-1: Fly out, F6 (Popup, 6M, EV 70.6 MPH)
Batting: RHB Jordan Arredondo 0-0: Ball
1-0: Called Strike
1-1: Foul Ball, location: 2F
1-2: Ball
2-2: Ground out 5-3 (Groundball, 56, EV 90.0 MPH)
Top of the 4th over - 0 runs, 0 hits, 0 errors, 0 left on base; Birmingham 0 - Savannah 0
BOTTOM OF THE 4TH
Savannah Indians batting - Pitching for Birmingham Barons : RHP Buddy Maher
Batting: RHB Wade Rowdon 0-0: Ground out 1-3 (Groundball, 13S, EV 76.3 MPH)
Batting: RHB Ramiro Gutierrez 0-0: Ball
1-0: Called Strike
1-1: Fly out, F3 (Line Drive, 3, EV 68.8 MPH)
Batting: LHB Roberto Hernandez 0-0: Ball
1-0: Ground out 3-1 (Groundball, 34, EV 100.0 MPH)
Bottom of the 4th over - 0 runs, 0 hits, 0 errors, 0 left on base; Birmingham 0 - Savannah 0
TOP OF THE 5TH
Birmingham Barons batting - Pitching for Savannah Indians : RHP Jose Guzman
Batting: LHB Joe Szekely 0-0: Called Strike
0-1: Called Strike
0-2: Strikes out swinging
Batting: RHB Bob Bathe 0-0: Foul Ball, location: 2F
0-1: Called Strike
0-2: Ball
1-2: Fly out, F8 (Flyball, 8LXD, EV 91.9 MPH)
Batting: SHB Giampietro Pasquetto 0-0: Ball
1-0: Called Strike
1-1: Called Strike
1-2: Strikes out swinging
Top of the 5th over - 0 runs, 0 hits, 0 errors, 0 left on base; Birmingham 0 - Savannah 0
BOTTOM OF THE 5TH
Savannah Indians batting - Pitching for Birmingham Barons : RHP Buddy Maher
Batting: RHB Eddie Vargas 0-0: Ball
1-0: Ball
2-0: Called Strike
2-1: Foul Ball, location: 2F
2-2: Foul Ball, location: 2F
2-2: Foul Ball, location: 2F
2-2: Strikes out swinging
Batting: RHB Mario Diaz 0-0: Called Strike
0-1: Ball
1-1: Called Strike
1-2: Ground out 6-3 (Groundball, 6, EV 87.5 MPH)
Batting: RHB Dan Plante 0-0: Ball
1-0: TRIPLE (Line Drive, 78XD, EV 102.5 MPH)
Batting: RHB Angel Salazar 0-0: Ball
1-0: Called Strike
1-1: Foul Ball, location: 2F
1-2: Fly out, F4 (Popup, 4D, EV 73.8 MPH)
Bottom of the 5th over - 0 runs, 1 hit, 0 errors, 1 left on base; Birmingham 0 - Savannah 0
TOP OF THE 6TH
Birmingham Barons batting - Pitching for Savannah Indians : RHP Jose Guzman
Batting: RHB Thomas Echstenkamper 0-0: Ball
1-0: Called Strike
1-1: Foul Ball, location: 2F
1-2: Ball
2-2: Strikes out swinging
Batting: RHB Robin Townley 0-0: Ball
1-0: Swinging Strike
1-1: Ball
2-1: Ball
3-1: SINGLE (Line Drive, 7S, EV 98.1 MPH)
Batting: LHB Herm Winningham 0-0: Swinging Strike
0-1: SINGLE (Line Drive, 4D, EV 102.5 MPH)
Robin Townley to second
Runner from 2nd tries for 3rd, SAFE, throw by CF made to third
Batting: RHB Tim Hulett 0-0: Ball
1-0: Foul Ball, location: 2F
1-1: Ball
2-1: Fly out, F8 (Flyball, 8LD, EV 96.3 MPH)
Runner from 3rd tags up, SCORES, no throw by CF
Batting: LHB Vernon Ramie 0-0: Called Strike
0-1: SINGLE (Groundball, 4MD, EV 100.6 MPH) (infield hit)
Herm Winningham to second
Batting: RHB Jordan Arredondo 0-0: Ball
1-0: Fly out, F4 (Line Drive, 4, EV 70.0 MPH)
Top of the 6th over - 1 run, 3 hits, 0 errors, 2 left on base; Birmingham 1 - Savannah 0
BOTTOM OF THE 6TH
Savannah Indians batting - Pitching for Birmingham Barons : RHP Buddy Maher
Batting: LHB Felix Agapay 0-0: Ball
1-0: Ball
2-0: Ball
3-0: Base on Balls
Batting: RHB Jim Paciorek 0-0: Ball
1-0: Ball
2-0: Called Strike
2-1: Ball
Felix Agapay steals 2nd base
3-1: SINGLE (Groundball, 4D, EV 97.5 MPH)
Felix Agapay to third
Runner from 3rd tries for Home, SAFE, throw by CF to home
Batting: RHB Wade Rowdon 0-0: Ball
1-0: Grounds into double play, 6-4-3 (Groundball, 6, EV 88.8 MPH)
Batting: RHB Ramiro Gutierrez 0-0: Ball
1-0: Ball
2-0: Ground out 1-3 (Groundball, 13, EV 68.8 MPH)
Bottom of the 6th over - 1 run, 1 hit, 0 errors, 0 left on base; Birmingham 1 - Savannah 1
TOP OF THE 7TH
Birmingham Barons batting - Pitching for Savannah Indians : RHP Jose Guzman
Batting: LHB Joe Szekely 0-0: Called Strike
0-1: Reached on error, E5 (Groundball, 5, EV 103.8 MPH)
Batting: RHB Bob Bathe 0-0: Called Strike
0-1: Foul Ball, location: 2F
0-2: Ball
1-2: Foul Ball, location: 2F
1-2: Foul Ball, location: 2F
1-2: Ball
2-2: Ball
3-2: Grounds into double play, 6-4-3 (Groundball, 6, EV 104.4 MPH)
Batting: SHB Giampietro Pasquetto 0-0: Ball
1-0: SINGLE (Flyball, 9LS, EV 92.5 MPH)
Batting: RHB Thomas Echstenkamper 0-0: Fielders Choice at 2nd, 6-4 (Groundball, 6, EV 84.4 MPH)
Top of the 7th over - 0 runs, 1 hit, 1 error, 1 left on base; Birmingham 1 - Savannah 1
BOTTOM OF THE 7TH
Savannah Indians batting - Pitching for Birmingham Barons : RHP Buddy Maher
Batting: LHB Roberto Hernandez 0-0: Called Strike
0-1: Fly out, F8 (Line Drive, 8LM, EV 102.5 MPH)
Batting: RHB Eddie Vargas 0-0: Ball
1-0: Called Strike
1-1: Foul Ball, location: 2F
1-2: Foul Ball, location: 2F
1-2: Foul Ball, location: 2F
1-2: Ball
2-2: Foul Ball, location: 2F
2-2: Ball
3-2: Foul Ball, location: 2F
3-2: Base on Balls
Batting: RHB Mario Diaz 0-0: Grounds into double play, 4-6-3 (Groundball, 4, EV 89.4 MPH)
Bottom of the 7th over - 0 runs, 0 hits, 0 errors, 0 left on base; Birmingham 1 - Savannah 1
TOP OF THE 8TH
Birmingham Barons batting - Pitching for Savannah Indians : RHP Jose Guzman
Batting: RHB Robin Townley 0-0: Ball
1-0: Ground out 6-3 (Groundball, 4M, EV 100.6 MPH)
Batting: LHB Herm Winningham 0-0: Ball
1-0: Ball
2-0: Foul Ball, location: 2F
2-1: Ball
3-1: Foul Ball, location: 2F
3-2: Base on Balls
Batting: RHB Tim Hulett 0-0: Ball
1-0: Foul Ball, location: 2F
1-1: Ball
2-1: Swinging Strike
2-2: Ball
3-2: Fly out, F3 (Popup, 34S, EV 81.3 MPH)
Batting: LHB Vernon Ramie 0-0: Called Strike
0-1: Called Strike
0-2: Foul Ball, location: 2F
0-2: Ball
1-2: Foul Ball, location: 2F
1-2: Ball
2-2: Foul Ball, location: 2F
2-2: Ground out 3-1 (Groundball, 34, EV 85.0 MPH)
Top of the 8th over - 0 runs, 0 hits, 0 errors, 1 left on base; Birmingham 1 - Savannah 1
BOTTOM OF THE 8TH
Savannah Indians batting - Pitching for Birmingham Barons : RHP Buddy Maher
Batting: RHB Dan Plante 0-0: SINGLE (Groundball, 4MD, EV 107.5 MPH)
Batting: RHB Angel Salazar 0-0: Called Strike
0-1: Ball
1-1: Ball
2-1: Ball
3-1: SINGLE (Line Drive, 8RS, EV 101.9 MPH)
Dan Plante to second
Batting: LHB Felix Agapay 0-0: Ball
1-0: Ball
2-0: Called Strike
2-1: Ball
3-1: Called Strike
3-2: Base on Balls
Dan Plante to third
Angel Salazar to second
Batting: RHB Jim Paciorek 0-0: Ball
1-0: Foul Ball, location: 2F
1-1: Swinging Strike
1-2: Fly out, F9 (Line Drive, 9D, EV 94.4 MPH)
Runner from 3rd tags up, SCORES, throw by RF
Angel Salazar to third
Batting: RHB Wade Rowdon 0-0: Called Strike
0-1: Fly out, F7 (Flyball, 7LD, EV 95.6 MPH)
Runner from 3rd tags up, SCORES, throw by LF
Batting: RHB Ramiro Gutierrez 0-0: SINGLE (Line Drive, 78S, EV 90.6 MPH)
Felix Agapay to second
Runner from 2nd tries for 3rd, SAFE, throw by LF made to third
Batting: LHB Roberto Hernandez 0-0: Ball
1-0: Called Strike
1-1: Swinging Strike
1-2: Foul Ball, location: 2F
1-2: Ball
2-2: SINGLE (Line Drive, 56, EV 98.8 MPH)
Felix Agapay scores
Ramiro Gutierrez to second
Batting: RHB Eddie Vargas 0-0: Called Strike
0-1: Ball
1-1: Foul Ball, location: 2F
1-2: Ball
2-2: Ball
3-2: Base on Balls
Ramiro Gutierrez to third
Roberto Hernandez to second
Batting: RHB Mario Diaz 0-0: Ball
1-0: Ball
2-0: Called Strike
2-1: Fielders Choice at 2nd, 5-4 (Groundball, 56, EV 93.8 MPH)
Bottom of the 8th over - 3 runs, 4 hits, 0 errors, 3 left on base; Birmingham 1 - Savannah 4
TOP OF THE 9TH
Birmingham Barons batting - Pitching for Savannah Indians : RHP Jose Guzman
Batting: RHB Jordan Arredondo 0-0: Swinging Strike
0-1: Swinging Strike
0-2: Ball
1-2: Foul Ball, location: 2F
1-2: Ball
2-2: Ball
3-2: Base on Balls
Pitching: RHP Joel Willett
Batting: LHB Joe Szekely 0-0: Ball
1-0: Called Strike
1-1: Foul Ball, location: 2F
1-2: Strikes out swinging
Batting: RHB Bob Bathe 0-0: Called Strike
0-1: Fly out, F8 (Flyball, 8RD, EV 93.8 MPH)
Batting: SHB Giampietro Pasquetto 0-0: Called Strike
0-1: Ground out 3-1 (Groundball, 13, EV 92.5 MPH)
Top of the 9th over - 0 runs, 0 hits, 0 errors, 1 left on base; Birmingham 1 - Savannah 4
Wednesday, August 5th, 2020 - OOTP Baseball 21.5 Build 76